Map: Lightshade LE

Players

soul

  • Race: Protoss Protoss
  • League: Grandmaster
  • Spawn Location: 5:00

Lambo - Winner!

  • Race: Zerg Zerg
  • League: Grandmaster
  • Spawn Location: 11:00

VOD

Have the link to the VOD?

Description

Time

  • Played on: Dec. 21, 2020, 8:14 a.m.
  • Length: 6:27
Show
View Real Time Build Order
Export as new Build Order

soul Protoss 

Build Orders: 1 Gate Expand, Oracle Opening 

Get SALT Encoding   

  12  0:00  Probe  
  13  0:12  Probe  
  14  0:20  Pylon  
  14  0:24  Probe  
  15  0:38  Probe (Chrono Boost)  
  16  0:45  Gateway  
  16  0:48  Probe (Chrono Boost)  
  17  0:51  Assimilator  
  17  0:53  Probe (Chrono Boost)  
  18  1:04  Probe  
  19  1:23  Nexus  
  19  1:34  Cybernetics Core  
  19  1:38  Assimilator  
  19  1:40  Probe (Chrono Boost)  
  20  1:49  Probe (Chrono Boost)  
  21  1:54  Probe (Chrono Boost)  
  22  2:06  Probe, Pylon  
  23  2:20  Stargate  
  23  2:21  Adept (Chrono Boost)  
  23  2:25  Probe (Chrono Boost)  
  23  2:27  Warp Gate  
  26  2:35  Probe (Chrono Boost)  
  28  2:42  Probe (Chrono Boost)  
  29  2:44  Adept, Probe (Chrono Boost)  
  29  2:49  Probe x2 (Chrono Boost)  
  33  2:58  Void Ray (Chrono Boost)  
  33  3:00  Probe  
  33  3:01  Probe  
  39  3:13  Probe x2, Pylon  
  41  3:22  Gateway  
  41  3:25  Probe x2  
  43  3:33  Oracle (Chrono Boost)  
  43  3:37  Probe x2  
  43  3:39  Assimilator  
  48  3:49  Probe x2  
  48  3:53  Pylon  
  50  4:01  Twilight Council  
  50  4:02  Probe (Chrono Boost), Pylon  
  52  4:06  Probe (Chrono Boost)  
  52  4:07  Robotics Facility  
  50  4:15  Probe (Chrono Boost)  
  52  4:19  Nexus  
  52  4:23  Pylon  
  51  4:24  Probe  
  51  4:26  Probe  
  53  4:33  Resonating Glaives (Chrono Boost)  
  53  4:36  Probe  
  53  4:38  Assimilator  
  54  4:41  Probe  
  55  4:50  Shield Battery  
  55  4:51  Forge  
  55  4:52  Probe, Gateway  
  56  4:53  Probe  
  56  4:57  Observer  
  58  5:01  Gateway  
  58  5:04  Probe  
  58  5:05  Probe  
  60  5:10  Gateway  
  60  5:12  Gateway  
  60  5:20  Adept x2  
  65  5:23  Immortal (Chrono Boost)  
  68  5:31  Probe  
  68  5:33  Probe  
  68  5:34  Probe  
  71  5:39  Pylon  
  71  5:43  Adept x2  
  71  5:49  Adept  
  77  5:55  Immortal (Chrono Boost)  
  81  5:59  Adept  
  83  6:04  Adept  
  83  6:07  Adept x3  
  89  6:11  Adept  
  89  6:14  Probe x2  
  89  6:15  Probe  
  78  6:22  Adept  
Show
View Real Time Build Order
Export as new Build Order

Lambo Zerg - Winner!

Build Orders: Hatch First 

Get SALT Encoding   

  12  0:00  Drone  
  13  0:12  Overlord  
  13  0:16  Drone  
  14  0:30  Drone x2  
  16  0:47  Hatchery  
  15  0:51  Drone  
  15  0:54  Drone  
  17  0:57  Drone  
  18  1:08  Extractor  
  17  1:13  Spawning Pool  
  17  1:15  Drone  
  17  1:18  Drone  
  18  1:27  Drone  
  19  1:38  Drone  
  20  1:49  Drone  
  21  1:59  Queen x2  
  21  2:00  Zergling x2, Overlord  
  26  2:10  Drone  
  26  2:11  Drone  
  26  2:12  Metabolic Boost  
  28  2:21  Drone x2  
  30  2:31  Hatchery  
  30  2:34  Drone  
  30  2:43  Zergling x2, Drone  
  32  2:44  Overlord  
  32  2:50  Queen  
  34  2:52  Drone  
  34  2:54  Drone  
  36  3:04  Overlord  
  36  3:05  Drone  
  37  3:07  Drone x3  
  37  3:12  Queen  
  40  3:17  Drone  
  43  3:22  Overlord  
  43  3:24  Drone  
  44  3:28  Queen, Drone  
  47  3:38  Overlord  
  47  3:39  Drone  
  51  3:41  Drone x3  
  51  3:43  Drone  
  51  3:45  Queen  
  53  3:48  Drone  
  53  3:52  Spore Crawler  
  53  3:53  Drone  
  54  3:55  Overlord  
  54  3:59  Drone  
  54  4:01  Drone  
  54  4:02  Drone  
  57  4:04  Drone  
  57  4:05  Drone  
  57  4:07  Drone  
  57  4:09  Lair  
  60  4:14  Overlord  
  60  4:15  Drone x2  
  62  4:20  Roach Warren  
  62  4:21  Extractor  
  62  4:23  Extractor  
  62  4:24  Drone x2  
  61  4:26  Overlord  
  61  4:29  Overlord  
  61  4:30  Drone  
  62  4:31  Drone  
  62  4:35  Overlord  
  62  4:37  Pneumatized Carapace  
  63  4:41  Drone  
  63  4:43  Drone  
  65  4:47  Zergling x12  
  65  4:49  Spore Crawler  
  65  4:51  Spore Crawler  
  69  4:53  Zergling x2  
  70  5:03  Roach x5  
  80  5:10  Roach x3  
  80  5:12  Overlord  
  80  5:13  Roach  
  88  5:17  Roach x2  
  91  5:24  Roach x2  
  91  5:25  Overlord  
  91  5:26  Zergling x4  
  97  5:30  Overlord  
  97  5:31  Zergling x4  
  98  5:37  Zergling x2  
  98  5:38  Zergling x6  
  98  5:42  Zergling x6  
  105  5:44  Ravager  
  105  5:45  Ravager  
  105  5:47  Zergling x2  
  105  5:48  Queen  
  110  5:52  Zergling x6, Overlord  
  110  5:53  Ravager  
  114  5:58  Zergling x2  
  114  6:04  Zergling x6  
  118  6:10  Zergling x2  
Tags
 
Add a new tag
Caveats
  • Supply blocks, unpowered buildings, or Contaminate may cause inaccurate times.
  • Supply counts are checked every 10 seconds.